 Dungeon Crawl Stone Soup version 0.31.0-11-ge490571c62 (webtiles) character file.

Game seed: 4087773566646409225

4706 qw the Nimble (level 10, 0/49 HPs)
             Began as a Spriggan Hunter on Feb 5, 2024.
             Was an Elder of Okawaru.
             Slain by a basilisk (14 damage)
             ... on level 9 of the Dungeon.
             The game lasted 00:03:11 (9266 turns).

qw the Nimble (Spriggan Hunter)                     Turns: 9266, Time: 00:03:11

Health: 0/49       AC:  7    Str:  7    XL:     10   Next: 21%
Magic:  14/15      EV: 28    Int: 11    God:    Okawaru [****..]
Gold:   353        SH:  0    Dex: 23    Spells: 9/9 levels left

rFire   + . .        x - +0 orcbow
rCold   . . .        (shield currently unavailable)
rNeg    + . .        i - +2 robe {rF+}
rPois   .            (helmet restricted)
rElec   .            h - +2 cloak
rCorr   .            (gloves unavailable)
SInv    +            (boots unavailable)
Will    +....        s - amulet of faith
Stlth   ++           g - +4 ring of slaying {mikee}
HPRegen 0.28/turn    q - ring of positive energy
MPRegen 0.14/turn

%: faith
@: very quick
A: very small, no large weapons, unfitting armour, see invisible, speed 3
a: Renounce Religion, Heroism, Finesse


You were on level 9 of the Dungeon.
You worshipped Okawaru.
Okawaru was greatly pleased with you.
You visited 2 branches of the dungeon, and saw 10 of its levels.

You collected 545 gold pieces.
You spent 192 gold pieces at shops.


Innate Abilities, Weirdness & Mutations

You are very small and have problems with some larger weapons.
You are too small for most types of armour.
You have supernaturally acute eyesight. (SInv)
You cover ground extremely quickly. (Speed+++)


   Skills:
 - Level 4.0 Fighting
 - Level 11.0 Ranged Weapons
 + Level 11.3 Dodging
 - Level 1.5 Stealth
 + Level 5.3 Invocations


You had 9 spell levels left.
You didn't know any spells.
Your spell library was empty.

Inventory:

Hand Weapons
 x - a +0 orcbow (weapon)
Armour
 h - a +2 cloak (worn)
 i - a +2 robe of fire resistance (worn)
 j - +0 steam dragon scales
Jewellery
 d - an amulet of reflection
 f - a +6 ring of dexterity
 g - a +4 ring of slaying (left hand) {mikee}
 q - a ring of positive energy (right hand)
 s - an amulet of faith (around neck)
 v - an amulet of guardian spirit
Wands
 l - a wand of iceblast (8)
 o - a wand of polymorph (4)
 p - a wand of paralysis (11)
 y - a wand of quicksilver (5)
Scrolls
 a - a scroll of acquirement {unknown}
 t - 3 scrolls of identify
 w - a scroll of revelation {unknown}
Potions
 b - a potion of cancellation {unknown}
 c - 2 potions of enlightenment
 e - 3 potions of mutation
 k - a potion of resistance
 m - 2 potions of curing
 n - a potion of lignification {unknown}
 r - a potion of berserk rage {unknown}
 u - a potion of might {unknown}

Dungeon Overview and Level Annotations

Branches:
Dungeon (9/15)             Temple (1/1) D:5
   Lair: D:8-11         Orc: D:9-12

Altars:
Ashenzari
Cheibriados
Dithmenos
Elyvilon
Fedhas
Gozag
Hepliaklqana
Kikubaaqudgha
Makhleb
Nemelex Xobeh
Okawaru
Qazlal
Ru
Sif Muna
Trog
Uskayaw
Vehumet
Wu Jian
Xom
Yredelemnul
Zin
The Shining One

Shops:
D:7 ([*

Annotations:
D:8 1 runed translucent door, qw's ghost, journeyman DjHu


Message History

The yak is almost dead.
The yak closely misses you.
You shoot an arrow. The arrow barely misses the yak.
The arrow hits the komodo dragon.
The komodo dragon is moderately wounded.
The yak misses you.
You shoot an arrow. The arrow closely misses the yak.
The arrow hits the plant!
The plant is lightly damaged.
A nearby plant withers and dies.
The komodo dragon completely misses you.
The yak gores you!
You shoot an arrow.
The arrow hits the yak but does no damage.
The yak is almost dead.
The komodo dragon misses you. The yak barely misses you.
You shoot an arrow. The arrow barely misses the yak.
The arrow hits the basilisk.
The basilisk is lightly wounded.
The komodo dragon completely misses you.
You shoot an arrow. The arrow closely misses the yak.
The arrow hits the basilisk!
The basilisk is moderately wounded.
The yak gores you.
The komodo dragon completely misses you.
You shoot an arrow.
The arrow hits the yak but does no damage.
The yak is almost dead.
The yak misses you.
You shoot an arrow. The arrow barely misses the yak.
The arrow barely misses the basilisk.
The yak gores you. The komodo dragon closely misses you.
You shoot an arrow. The arrow hits the yak!!
You kill the yak!
Okawaru accepts your kill. The basilisk completely misses you.
The komodo dragon barely misses you.
You shoot an arrow. The arrow closely misses the basilisk.
The arrow hits the plant!
The plant begins to die.
The plant is lightly damaged.
The basilisk bites you!
You die...

..#..##..........#...#.......#
..#..'...........##..#.......####
..#..#......############'#.......
..############ #"##......'..>....
..# PPPPP##..#......#[...... ..#
PPPP.P#..#......#....... ..#
PPPP....##..###'#....### ..#
PPP...ll##..##..#....#.. ..#
.......@##..##..#....#.. ).##
.....%#.........#....#.. ..'#
.P... #.........#....#.. ..####
...# #.........#....#.. ..#..# .#
#..###..#####....#.. ..#..##
#+####..###.....##.. ..#...#
..........#.....#... ..#...#
..........#.....#... ..#.).#
..........'.....#...


You could see a komodo dragon and a basilisk.

Vanquished Creatures
  A two-headed ogre (D:9)
  A manticore (D:9)
  Sigmund (D:2)
  3 yaks (D:9)
  A wyvern (D:9)
  A steam dragon (D:8)
  Menkaure (D:7)
  An ice beast (D:6)
  An orc warrior (D:9)
  2 centaurs
  2 ogres (D:4)
  5 kobold brigands
  2 phantoms (D:6)
  A bullfrog (D:7)
  2 scorpions
  9 killer bees
  A howler monkey (D:6)
  4 hounds
  A gnoll bouda (D:9)
  7 orc priests
  5 iguanas
  2 sleepcaps
  Terence (D:3)
  11 orc wizards
  5 gnolls (D:9)
  11 adders
  A shadow imp (D:8)
  3 white imps
  6 ufetubi
  5 dart slugs
  31 orcs
  8 ball pythons
  7 bats
  4 endoplasms
  3 giant cockroaches
  3 goblins
  13 hobgoblins
  2 jackals (D:4)
  2 quokkas
  3 frilled lizards
  30 kobolds
  9 rats
212 creatures vanquished.

Notes
Turn   | Place    | Note
-------+----------+-------------------------------------------
     0 | D:1      | qw the Spriggan Hunter began the quest for the Orb.
     0 | D:1      | Reached XP level 1. HP: 10/10 MP: 2/2
     0 | D:1      | 0 ||| qw: Version: 0.3-a-160-g6735b56
     0 | D:1      | 0 ||| qw: Game counter: 6244
     0 | D:1      | 0 ||| qw: Melee chars always use a shield: true
     0 | D:1      | 0 ||| qw: God list: Okawaru
     0 | D:1      | 0 ||| qw: Allow faded altars: false
     0 | D:1      | 0 ||| qw: Do Orc after clearing Dungeon:15 true
     0 | D:1      | 0 ||| qw: Do second Lair branch before Depths: true
     0 | D:1      | 0 ||| qw: Lair rune preference: random
     0 | D:1      | 0 ||| qw: Goals: Normal
     0 | D:1      | 0 ||| PLANNING D:1-11
    18 | D:1      | HP: 1/10 [hobgoblin (3)]
    88 | D:1      | Reached skill level 3 in Dodging
   151 | D:1      | Reached XP level 2. HP: 14/14 MP: 3/3
   880 | D:1      | 880 ||| READING scroll labelled RUTOOBB ACZO.
   880 | D:1      | 880 ||| IDENTIFYING bubbling yellow potion
   881 | D:1      | 881 ||| DROPPING scroll of butterflies.
   965 | D:2      | Reached XP level 3. HP: 18/18 MP: 4/4
  1065 | D:2      | Reached XP level 4. HP: 22/22 MP: 5/5
  1241 | D:2      | Noticed Sigmund
  1254 | D:2      | Killed Sigmund
  1255 | D:2      | Reached skill level 6 in Dodging
  1255 | D:2      | Reached XP level 5. HP: 13/25 MP: 6/6
  1400 | D:2      | Found a faded altar of an unknown god.
  1991 | D:2      | 1991 ||| UPGRADING to +2 robe of fire resistance.
  2001 | D:2      | 2001 ||| DROPPING +0 robe.
  2002 | D:2      | 2002 ||| READING scroll of identify.
  2002 | D:2      | 2002 ||| IDENTIFYING bubbling cyan potion
  2003 | D:2      | 2003 ||| READING scroll labelled LITAEL WASKOTH.
  2104 | D:2      | 2104 ||| READING scroll labelled ALEIDUONWA.
  2109 | D:2      | 2109 ||| READING 2 scrolls labelled RUIX NUPAM.
  2210 | D:2      | 2210 ||| DROPPING potion of brilliance.
  2211 | D:2      | 2211 ||| DROPPING scroll of silence.
  2376 | D:3      | Reached XP level 6. HP: 30/30 MP: 7/7
  2402 | D:3      | Found a shadowy altar of Dithmenos.
  2753 | D:3      | Noticed Terence
  2768 | D:3      | Killed Terence
  2800 | D:3      | 2800 ||| READING 2 scrolls labelled KEIBOI YTEMP.
  2800 | D:3      | 2800 ||| ENCHANTING +0 shortbow.
  2881 | D:4      | Reached skill level 6 in Ranged Weapons
  2944 | D:4      | Reached XP level 7. HP: 18/35 MP: 8/8
  3183 | D:4      | Found a hide-covered altar of Uskayaw.
  3202 | D:4      | HP: 3/35 [ogre/+0 giant spiked club (10)]
  3203 | D:4      | 3203 ||| READING scroll of teleportation.
  3205 | D:4      | Found a shimmering altar of Xom.
  3609 | D:4      | 3609 ||| UPGRADING to amulet of reflection.
  3614 | D:4      | 3614 ||| READING scroll of identify.
  3614 | D:4      | 3614 ||| IDENTIFYING gluggy clear potion
  3615 | D:4      | 3615 ||| READING scroll labelled DOIBLY NUHADOWK.
  3615 | D:4      | 3615 ||| BRANDING +0 shortbow.
  3616 | D:4      | 3616 ||| READING scroll labelled PUUPYA DUYNGEDDIE.
  3617 | D:4      | 3617 ||| DROPPING potion of invisibility.
  3619 | D:4      | 3619 ||| Stepping ~*~*~tactically~*~*~ (cloud).
  3716 | D:5      | Entered Level 5 of the Dungeon
  3753 | D:5      | Found a staircase to the Ecumenical Temple.
  3754 | D:5      | 3754 ||| PLANNING TEMPLE
  3762 | Temple   | Entered the Ecumenical Temple
  3763 | Temple   | 3763 ||| PLANNING OKAWARU WORSHIP
  3779 | Temple   | Became a worshipper of Warmaster Okawaru
  3780 | Temple   | 3780 ||| PLANNING D:1-11
  3925 | D:5      | 3925 ||| FLEEEEING.
  3926 | D:5      | 3926 ||| STAIRDANCE
  4646 | D:5      | 4646 ||| READING scroll labelled HIAFIE WUBBOTI.
  4647 | D:5      | 4647 ||| READING scroll labelled USHRAR GYAKLOE.
  4648 | D:5      | 4648 ||| READING scroll labelled UFODUV UNID.
  4686 | D:6      | HP: 7/35 [ice beast (12)]
  4687 | D:6      | 4687 ||| READING 3 scrolls of teleportation.
  4690 | D:6      | 4690 ||| RETREEEEATING.
  4691 | D:6      | 4691 ||| READING 2 scrolls of teleportation.
  4693 | D:6      | HP: 7/35 [ufetubus (2)]
  4885 | D:6      | Reached * piety under Okawaru
  5047 | D:6      | Reached skill level 1 in Invocations
  5047 | D:6      | Reached XP level 8. HP: 36/39 MP: 9/9
  5486 | D:6      | 5486 ||| READING scroll labelled SUERIM SOREUN.
  5487 | D:6      | 5487 ||| DRINKING 2 murky yellow potions.
  5488 | D:6      | 5488 ||| DROPPING potion of attraction.
  5559 | D:7      | Reached skill level 3 in Fighting
  5559 | D:7      | Reached skill level 3 in Invocations
  5568 | D:7      | Noticed Menkaure
  5571 | D:7      | 5571 ||| RETREEEEATING.
  5576 | D:7      | 5576 ||| RETREEEEATING.
  5577 | D:7      | 5577 ||| RETREEEEATING.
  5578 | D:7      | 5578 ||| RETREEEEATING.
  5580 | D:7      | Killed Menkaure
  5580 | D:7      | Reached ** piety under Okawaru
  5672 | D:7      | 5672 ||| INVOKING Heroism.
  5678 | D:7      | HP: 10/40 [kobold brigand/+0 dagger (4)]
  5679 | D:7      | 5679 ||| READING scroll of teleportation.
  5680 | D:7      | HP: 4/40 [kobold brigand/+0 dagger (2)]
  5956 | D:7      | Found Talaz's General Store.
  5958 | D:7      | Found Wegu's Armour Emporium.
  5963 | D:7      | Found Unotu's Antique Weapon Emporium.
  5999 | D:7      | Found a sparkling altar of Nemelex Xobeh.
  6209 | D:7      | Reached skill level 9 in Ranged Weapons
  6406 | D:7      | 6406 ||| UPGRADING to +0 cloak.
  6411 | D:7      | 6411 ||| READING 2 scrolls of enchant armour.
  6411 | D:7      | 6411 ||| ENCHANTING +0 cloak.
  6412 | D:7      | 6412 ||| READING scroll of enchant armour.
  6412 | D:7      | 6412 ||| ENCHANTING +1 cloak.
  6413 | D:7      | 6413 ||| UPGRADING to +4 ring of slaying {mikee}.
  6414 | D:7      | 6414 ||| READING scroll of identify.
  6414 | D:7      | 6414 ||| IDENTIFYING golden potion
  6415 | D:7      | 6415 ||| DRINKING 3 bubbling brown potions.
  6416 | D:7      | 6416 ||| DRINKING 2 fizzy orange potions.
  6417 | D:7      | 6417 ||| DROPPING potion of degeneration.
  6788 | D:7      | 6788 ||| BUYING glowing shortbow (150 gold).
  6788 | D:7      | Bought a glowing shortbow for 150 gold pieces
  6788 | D:7      | 6788 ||| SWAPPING to +2 shortbow of draining.
  7075 | D:8      | Reached skill level 9 in Dodging
  7075 | D:8      | Reached XP level 9. HP: 44/44 MP: 13/13
  7084 | D:8      | Found a glowing golden altar of the Shining One.
  7148 | D:8      | 7148 ||| READING scroll of identify.
  7148 | D:8      | 7148 ||| IDENTIFYING sapphire potion
  7149 | D:8      | 7149 ||| DROPPING wand of flame (22).
  7297 | D:8      | 7297 ||| UPGRADING to amulet of faith.
  7307 | D:8      | 7307 ||| UPGRADING to ring of positive energy.
  7313 | D:7      | 7313 ||| BUYING potion of curing (42 gold).
  7313 | D:7      | Bought a potion of curing for 42 gold pieces
  7382 | D:8      | Found a runed translucent door.
  7385 | D:8      | Noticed qw's ghost (journeyman DjHu)
  7487 | D:8      | Reached *** piety under Okawaru
  8134 | D:9      | Noticed a two-headed ogre
  8135 | D:9      | 8135 ||| INVOKING Heroism.
  8143 | D:9      | Killed a two-headed ogre
  8275 | D:9      | Reached **** piety under Okawaru
  8311 | D:9      | 8311 ||| SWAPPING to +0 orcbow.
  8312 | D:9      | 8312 ||| DROPPING +0 shortbow of freezing.
  8313 | D:9      | 8313 ||| DROPPING +2 shortbow of draining.
  8418 | D:9      | Noticed a manticore
  8419 | D:9      | 8419 ||| RETREEEEATING.
  8420 | D:9      | 8420 ||| INVOKING Finesse.
  8437 | D:9      | Killed a manticore
  8438 | D:9      | Reached XP level 10. HP: 20/49 MP: 9/14
  8442 | D:9      | HP: 12/49 [poisoned by a kobold brigand]
  8443 | D:9      | 8443 ||| READING 2 scrolls of teleportation.
  8447 | D:9      | 8447 ||| FLEEEEING.
  8447 | D:9      | HP: 7/49 [poisoned by a kobold brigand]
  8448 | D:9      | 8448 ||| FLEEEEING.
  8449 | D:9      | 8449 ||| FLEEEEING.
  8450 | D:9      | 8450 ||| READING scroll of teleportation.
  8452 | D:9      | HP: 5/49 [poisoned by a kobold brigand]
  8876 | D:9      | Found an opulent altar of Gozag.
  8877 | D:9      | Found a hazy altar of Hepliaklqana.
  9176 | D:9      | Found a broken altar of Ashenzari.
  9266 | D:9      | Slain by a basilisk

Levels and vault maps discovered:
D:1:      psy_arrival_spokes, layout_loops_ring, serial_bayou,
          serial_bayou_crossing, serial_bayou_shore_a, serial_bayou_shore_b,
          serial_bayou_pond_c
D:2:      layout_basic, hellmonk_ecumenical_altar_crossroads, uniq_sigmund
D:3:      layout_basic, mainiacjoe_overflow_paths, nicolae_figureground_sparkle,
          uniq_terence
D:4:      layout_basic, mainiacjoe_overflow_two_lobes
D:5:      layout_loops_cross, minmay_temple_entry_large_hall
D:6:      layout_basic, minmay_holes
D:7:      layout_basic, nemelex_altar_shiori,
          nicolae_shop_distant_corner_stores, minivault_26,
          chequers_serial_rivers_large_b, kennysheep_flooded_box, uniq_menkaure
D:8:      layout_layer_cave, nicolae_tso_swordbearing_angel,
          hellmonk_ghost_happy_afterlife
D:9:      layout_gridville, cheibrodos_ashenzari_chains,
          gammafunk_temple_overflow_statue, david_lair_shrubbed
Temple:   compressed_dpeg_circular_temple

Skill      XL: |  1  2  3  4  5  6  7  8  9 10 |
---------------+-------------------------------+-----
Dodging        | 3 4 6 8 9 10 11 | 11.3
Ranged Weapons | 5 6 8 9 10 11 | 11.0
Fighting       | 2 3 4 |  4.0
Invocations    | 1 4 5 |  5.3
Stealth        | |  1.5

Action                     |  1- 3 |  4- 6 |  7- 9 | 10-12 || total
---------------------------+-------+-------+-------+-------++-------
   Fire: Shortbow          |    80 |   198 |   399 |       ||   677
         Orcbow            |       |       |    39 |    58 ||    97
 Invoke: Heroism           |       |       |     2 |       ||     2
         Finesse           |       |       |     1 |       ||     1
    Use: Scroll            |     1 |     5 |    15 |     2 ||    23
         Potion            |       |       |     3 |       ||     3
 Armour: Robe              |     7 |    18 |    47 |     7 ||    79
  Dodge: Dodged            |    18 |    86 |   167 |    31 ||   302
  Block: Other             |       |       |    22 |       ||    22
         Reflection        |       |       |     2 |       ||     2

Table legend:
 A = Non-vault XP
 B = Vault XP
 C = Vault XP percentage of total XP
 D = Non-vault monster count
 E = Vault monster count
 F = Vault count percentage of total count
                 A         B        C        D         E       F
            +---------+---------+-------+---------+---------+-------
      Total |    6300 |     424 |   6.3 |     209 |       3 |   1.4
            +---------+---------+-------+---------+---------+-------
        D:1 |      30 |       0 |   0.0 |      17 |       0 |   0.0
        D:2 |     109 |     223 |  67.2 |      24 |       1 |   4.0
        D:3 |      48 |      36 |  42.9 |      22 |       1 |   4.3
        D:4 |     455 |       0 |   0.0 |      17 |       0 |   0.0
        D:5 |     367 |       0 |   0.0 |      17 |       0 |   0.0
        D:6 |     524 |       0 |   0.0 |      13 |       0 |   0.0
        D:7 |     611 |     165 |  21.3 |      19 |       1 |   5.0
        D:8 |    1176 |       0 |   0.0 |      35 |       0 |   0.0
        D:9 |    2980 |       0 |   0.0 |      45 |       0 |   0.0
            +---------+---------+-------+---------+---------+-------
